 Dungeon Crawl Stone Soup version 0.22.0-60-ga52c2fc (webtiles) character file.

254 whitewolfNL the Firebug (level 6, 0/33 HPs)
             Began as a Gargoyle Fire Elementalist on Sept 9, 2018.
             Slain by Duvessa
             ... wielding a +0 rapier
              (6 damage)
             ... on level 4 of the Dungeon.
             The game lasted 00:42:45 (4763 turns).

whitewolfNL the Firebug (GrFE)                      Turns: 4763, Time: 00:42:46

Health: 0/33       AC:  9    Str: 17    XL:     6   Next: 15%
Magic:  8/10       EV: 12    Int: 17    God:
Gold:   180        SH:  0    Dex: 13    Spells: 0/10 levels left

rFire    . . .     SeeInvis .   d - +0 hunting sling
rCold    + + .     Gourm    .   (no shield)
rNeg     + . .     Faith    .   c - +2 leather armour {rC+}
rPois    ∞         Spirit   .   (no helmet)
rElec    +         Reflect  .   (no cloak)
rCorr    .         Harm     .   (no gloves)
MR       .....                  (no boots)
Stlth    ++........             (no amulet)
HPRegen  0.11/turn              b - +3 ring of dexterity
MPRegen  0.12/turn              e - ring of protection from cold

@: mighty, very slightly contaminated
A: negative energy resistance 1, electricity resistance, unbreathing,
petrification resistance, rot immunity, AC +4
a: no special abilities


You were on level 4 of the Dungeon.
You were not hungry.

You visited 1 branch of the dungeon, and saw 4 of its levels.

You collected 180 gold pieces.

Inventory:

Hand Weapons
 d - a +0 hunting sling (weapon)
 j - a +0 club
 k - a +0 whip
 q - a +0 short sword
 u - a +0 dagger
 y - a cursed -2 flail
Missiles
 n - 61 stones (quivered)
 r - 17 arrows
 s - 7 javelins
 w - 10 poisoned needles
Armour
 c - a +2 leather armour of cold resistance (worn)
 t - a +0 ring mail
 B - a +0 robe
Jewellery
 a - an uncursed ring of stealth {unknown}
 b - a +3 ring of dexterity (left hand)
 e - a ring of protection from cold (right hand)
Scrolls
 l - a scroll of fear {unknown}
 m - 4 scrolls of identify
 o - 4 scrolls of teleportation
 p - 2 scrolls of remove curse
 x - a scroll of immolation {unknown}
Potions
 f - 2 potions of haste
 i - 3 potions of curing {unknown}
 v - a potion of degeneration {unknown}
 A - 2 potions of agility {unknown}


   Skills:
 + Level 0.5 Fighting
 + Level 2.5 Slings
 + Level 1.7 Armour
 + Level 1.8 Dodging
 + Level 2.4 Stealth
 + Level 0.2 Unarmed Combat
 + Level 2.9 Spellcasting
 + Level 2.9 Conjurations
 + Level 3.8 Fire Magic


You couldn't memorise any spells.
You knew the following spells:

 Your Spells              Type           Power        Failure   Level  Hunger
a - Flame Tongue          Conj/Fire      ##...        5%          1    None
b - Sticky Flame          Conj/Fire      ##......     45%         4    ####...
c - Conjure Flame         Conj/Fire      ##......     16%         3    ###....
d - Throw Flame           Conj/Fire      ##....       8%          2    ##.....

Your spell library contained the following spells:

 Spells                   Type           Power        Failure   Level  Hunger
 Inner Flame              Hex/Fire       #.......     28%         3    ###....
 Fireball                 Conj/Fire      ##........   82%         5    ######.


Dungeon Overview and Level Annotations

Branches:
Dungeon (4/15)
 Temple: D:4-7

Altars:

Annotations:
D:4 Dowan, Duvessa


Innate Abilities, Weirdness & Mutations

You are resistant to torment.
Your stone body is resilient. (AC +4)
You are immune to poison.
You resist negative energy. (rN+)
You are resistant to electric shocks. (rElec)
You can survive without breathing.
You are immune to petrification.
You are immune to rotting.


Message History

Duvessa is moderately wounded.
Duvessa barely misses you. Duvessa hits you with a rapier!
Casting: Flame Tongue (safe; 5% risk of failure)
Confirm with . or Enter, or press ? or * to list all spells.
Aiming: Flame Tongue (safe; 5% risk of failure)
Press: ? - help, Shift-Dir - straight line, f/p - Duvessa
Aim: Duvessa, wielding a rapier and wearing a leather armour (moderately You miscast Flame Tongue.
You are very lightly contaminated with residual magic.
Nothing appears to happen.
Duvessa hits you with a rapier. Duvessa hits you with a rapier!
Dowan casts a spell at you. The puff of frost misses you.
Dowan mumbles some strange words.
Dowan blinks!
Duvessa hits you with a rapier.
* * * LOW HITPOINT WARNING * * *
Found a stone staircase leading down.
You feel very mighty all of a sudden. Duvessa hits you with a rapier.
You die...

.># ..#
..# #.#
##.###
..e.
#.#####.#
#.....e@#
###..####
......
###.#...
..(#####
# ##(.
..# .##.
#.# ...
#.# #.
#.#


You could see Duvessa and Dowan.

Vanquished Creatures
  2 jellies (D:2)
  7 gnolls (D:3)
  3 adders (D:3)
  7 oozes (D:2)
  4 worms
  2 leopard geckos
  2 orcs (D:3)
  A ball python (D:1)
  2 giant cockroaches (D:3)
  3 goblins
  7 hobgoblins
  A quokka (D:2)
  6 bats
  3 frilled lizards
  15 kobolds
  5 rats
70 creatures vanquished.

Vanquished Creatures (others)
  9 toadstools (D:2)
9 creatures vanquished.

Grand Total: 79 creatures vanquished

Notes
Turn   | Place    | Note
-------+----------+-------------------------------------------
     0 | D:1      | whitewolfNL the Gargoyle Fire Elementalist began the quest
                  | for the Orb.
     0 | D:1      | Reached XP level 1. HP: 10/10 MP: 3/3
   268 | D:1      | Reached XP level 2. HP: 13/15 MP: 0/5
  1977 | D:2      | Reached XP level 3. HP: 19/19 MP: 0/6
  2837 | D:2      | Reached skill level 1 in Slings
  2837 | D:2      | Reached XP level 4. HP: 20/24 MP: 2/7
  2987 | D:2      | Reached skill level 1 in Armour
  2987 | D:2      | Reached XP level 5. HP: 28/28 MP: 8/8
  3160 | D:2      | Learned a level 4 spell: Sticky Flame
  3164 | D:2      | Learned a level 3 spell: Conjure Flame
  4285 | D:3      | Reached XP level 6. HP: 33/33 MP: 6/10
  4750 | D:4      | Learned a level 2 spell: Throw Flame
  4752 | D:4      | Noticed Dowan
  4755 | D:4      | Noticed Duvessa
  4763 | D:4      | Slain by Duvessa

Skill      XL: |  1  2  3  4  5 |
---------------+----------------+-----
Conjurations   | 2 |  2.9
Slings         | 1 2 |  2.5
Armour         | 1 |  1.7
Fighting       | |  0.5
Dodging        | |  1.8
Stealth        | |  2.4
Unarmed Combat | |  0.2
Spellcasting   | |  2.9
Fire Magic     | |  3.8

Action                   |  1- 3 |  4- 6 || total
-------------------------+-------+-------++-------
Melee: Dagger            |     9 |       ||     9
       Unarmed           |     3 |       ||     3
 Fire: Hunting sling     |    57 |    69 ||   126
Throw: Stone             |       |     2 ||     2
 Cast: Flame Tongue      |    44 |    46 ||    90
       Conjure Flame     |       |     1 ||     1
  Use: Scroll            |     1 |     6 ||     7
       Potion            |       |     1 ||     1
 Stab: Sleeping          |     1 |       ||     1
  Eat: Chunk             |     2 |     2 ||     4
       Ration            |     2 |     1 ||     3
Armor: Robe              |    10 |       ||    10
       Leather armour    |     2 |    22 ||    24
Dodge: Dodged            |    20 |    28 ||    48
